 Dungeon Crawl Stone Soup version 0.26-a0-646-g5d7718319a (webtiles) character file.

Game seed: 943191536199925043

2097 Colgate the Martial Artist (level 9, -1/73 HPs)
             Began as a Palentonga Monk on Sept 24, 2020.
             Was an Initiate of Gozag.
             Slain by a killer bee (4 damage)
             ... on level 8 of the Dungeon.
             The game lasted 00:46:27 (7411 turns).

Colgate the Martial Artist (Palentonga Monk)        Turns: 7411, Time: 00:46:28

Health: -1/73      AC:  8    Str: 14    XL:     9   Next: 7%
Magic:  9/9        EV:  8    Int: 10    God:    Gozag
Gold:   723        SH:  4    Dex: 17    Spells: 8/8 levels left

rFire    + + .     SeeInvis +     - Unarmed
rCold    . . .     Faith    .   x - +0 buckler
rNeg     . . .     Spirit   .   n - +0 scale mail (curse)
rPois    .         Reflect  .   t - +1 helmet
rElec    .         Harm     .   (no cloak)
rCorr    .         Rampage  .   (no gloves)
MR       .....                  (no barding)
Stlth    +.........             (no amulet)
HPRegen  0.22/turn              g - ring of protection from fire
MPRegen  0.11/turn              Q - ring of protection from fire

@: lethally poisoned (-1 -> -11)
A: large, rugged brown scales 3, see invisible, deformed body, roll, armoured
tail
a: Rolling Charge, Potion Petition, Call Merchant, Bribe Branch, Renounce
Religion


You were on level 8 of the Dungeon.
You worshipped Gozag.
Gozag was pleased with you.
You visited 1 branch of the dungeon, and saw 8 of its levels.

You collected 844 gold pieces.
You spent 121 gold pieces at shops.

Inventory:

Hand Weapons
 a - a +0 hunting sling
Missiles
 b - 320 stones
 i - 3 curare-tipped darts (quivered)
 k - 60 bolts
 v - 2 throwing nets
 w - 99 arrows
 y - 42 poisoned darts
 z - 6 javelins
 E - 4 boomerangs
 L - 7 boomerangs of dispersal
 N - 13 sling bullets
Armour
 h - a +0 ring mail
 j - a +0 robe
 n - a cursed +0 scale mail (worn)
 r - a +0 helmet
 t - a +1 helmet (worn)
 x - a +0 buckler (worn)
 A - a cursed -2 kite shield
 C - a +0 chain mail
 Y - a +0 plate armour
Jewellery
 g - a ring of protection from fire (left hand)
 J - an uncursed ring of see invisible
 O - an uncursed amulet of magic regeneration
 P - the amulet "Qogayde" {Inacc rElec rPois Str-5}
   (You found it on level 5 of the Dungeon)

   [amulet of inaccuracy]

   It reduces the accuracy of all your attacks.
   It affects your strength (-5).
   It insulates you from electricity.
   It protects you from poison.
 Q - a ring of protection from fire (right hand)
 R - an uncursed ring of resist corrosion
 V - an uncursed ring of flight
Wands
 B - a wand of digging (3)
 S - a wand of paralysis (12)
 U - a wand of random effects (21)
Scrolls
 c - 3 scrolls of enchant weapon {unknown}
 l - 5 scrolls of teleportation {unknown}
 o - 5 scrolls of identify {unknown}
 s - 4 scrolls of amnesia {unknown}
 u - 2 scrolls of magic mapping {unknown}
 F - 3 scrolls of remove curse {unknown}
 H - a scroll of fog {unknown}
 T - 2 scrolls of blinking {unknown}
 W - a scroll of fear {unknown}
Potions
 d - 3 potions of curing
 e - a potion of stabbing {unknown}
 f - a potion of experience {unknown}
 m - 2 potions of ambrosia {unknown}
 p - a potion of brilliance {unknown}
 q - 3 potions of mutation {unknown}
 D - 3 potions of heal wounds
 G - 2 potions of cancellation {unknown}
 I - 2 potions of lignification
 K - a potion of flight {unknown}
 M - 3 potions of haste {unknown}
 X - a potion of berserk rage {unknown}


   Skills:
 - Level 3.0 Fighting
 - Level 3.1 Slings
 - Level 3.0 Armour
 - Level 2.4 Dodging
 - Level 1.2 Stealth
 - Level 1.1 Shields
 + Level 10.6 Unarmed Combat


You had 8 spell levels left.
You didn't know any spells.
Your spell library contained the following spells:

 Spells                   Type           Power        Failure   Level
 Confusing Touch          Hex            #.......     99%         3
 Gell's Gravitas          Tloc           #.........   99%         3
 Petrify                  Tmut/Erth      #.......     100%        4
 Metabolic Englaciation   Hex/Ice        #.........   100%        5
 Yara's Violent Unravell  Hex/Tmut       #.........   100%        5


Dungeon Overview and Level Annotations

Branches:
Dungeon (8/15)             Temple (0/1) D:6
   Lair: D:8-11

Altars:
Gozag
Nemelex Xobeh
Qazlal
Ru
Trog
Vehumet
Xom
Yredelemnul

Shops:
D:5 !


Innate Abilities, Weirdness & Mutations

You are completely covered in rugged brown scales. (AC +3, +7% HP)
You have supernaturally acute eyesight. (SInv)
Armour fits poorly on your strangely shaped body.
You can roll at foes to attack.
You have a long armoured tail.


Message History

You are more poisoned.
The killer bee poisons you! The killer bee stings you!
The killer bee stings you.
You are more poisoned.
The killer bee poisons you! The killer bee barely misses you.
The ice beast hits you. The ice beast freezes you!
* * * LOW HITPOINT WARNING * * *
You barely miss the killer bee.
You feel sick. The killer bee stings you!
* * * LOW HITPOINT WARNING * * *
The killer bee stings you.
* * * LOW HITPOINT WARNING * * *
You block the killer bee's attack. The killer bee barely misses you.
The killer bee stings you.
* * * LOW HITPOINT WARNING * * *
You hit the killer bee.
Your tail-slap misses the killer bee.
The killer bee is lightly wounded.
* * * LOW HITPOINT WARNING * * *
You feel sick. The killer bee stings you.
You die...
Your body crumbles into a pile of gold.

#...#####..........[#
#...# #..........>#
#...#
#...........###.
#...#
#.............S.
#...#
##.$.l...........
#....
#................
#####
#g.g............#
#.##yYh..##........#
#..y@yS............#
#..#y#.#.#..########
#.............#
##.#.#.#.#....#
#............#
#.#.#.#.#....#
#....(.......#
#.#.#.#.#....


You could see a black bear, an ice beast, an iguana, 4 killer bees, 2 gnolls and
an adder.

Vanquished Creatures
  Eustachio (D:4)
  An orc warrior (D:7)
  A sky beast (D:6)
  An ogre (D:6)
  A black bear (D:7)
  2 centaurs (D:6)
  A big kobold (D:7)
  A bullfrog (D:6)
  A wyvern skeleton (D:6)
  3 wights (D:6)
  A quasit (D:7)
  A centaur zombie (D:8)
  2 jellies
  3 orc priests
  4 hounds
  2 iguanas (D:3)
  6 orc wizards
  A centaur skeleton (D:7)
  A bullfrog skeleton (D:5)
  7 worker ants
  A hound skeleton (D:4)
  Robin (D:2)
  8 gnolls
  9 adders
  A howler monkey skeleton (D:4)
  A white imp (D:5)
  An ufetubus (D:6)
  An ooze (D:1)
  A worm (D:4)
  4 dart slugs
  9 leopard geckos
  13 orcs
  9 bats
  9 giant cockroaches
  11 goblins
  6 hobgoblins
  16 jackals
  6 kobolds
  4 quokkas
  4 ball pythons
  3 frilled lizards
  A quokka skeleton (D:5)
  A quokka zombie (D:5)
  9 rats
170 creatures vanquished.

Vanquished Creatures (others)
  11 plants (D:5)
11 creatures vanquished.

Grand Total: 181 creatures vanquished

Notes
Turn   | Place    | Note
-------+----------+-------------------------------------------
     0 | D:1      | Colgate the Palentonga Monk began the quest for the Orb.
     0 | D:1      | Reached XP level 1. HP: 20/20 MP: 1/1
    97 | D:1      | Reached XP level 2. HP: 27/27 MP: 2/2
   225 | D:1      | Reached skill level 4 in Unarmed Combat
   413 | D:1      | Reached XP level 3. HP: 33/33 MP: 3/3
   658 | D:2      | Noticed Robin
   661 | D:2      | Killed Robin
   663 | D:2      | Reached XP level 4. HP: 37/40 MP: 4/4
   668 | D:2      | Reached skill level 5 in Unarmed Combat
  1240 | D:2      | Reached XP level 5. HP: 43/48 MP: 5/5
  1744 | D:3      | Reached skill level 6 in Unarmed Combat
  2229 | D:3      | Reached XP level 6. HP: 34/54 MP: 6/6
  2518 | D:3      | Reached skill level 7 in Unarmed Combat
  2631 | D:3      | Reached skill level 1 in Armour
  2840 | D:3      | Found an opulent altar of Gozag.
  2840 | D:3      | Found a radiant altar of Vehumet.
  2843 | D:3      | Became a worshipper of Gozag Ym Sagoz the Greedy
  2988 | D:4      | Noticed Eustachio
  3016 | D:4      | Killed Eustachio
  3016 | D:4      | Reached XP level 7. HP: 18/60 MP: 7/7
  3028 | D:4      | Reached skill level 8 in Unarmed Combat
  3762 | D:4      | Found a basalt altar of Yredelemnul.
  4036 | D:5      | Entered Level 5 of the Dungeon
  4108 | D:5      | Found a shimmering altar of Xom.
  4108 | D:5      | Found a shimmering altar of Xom.
  4109 | D:5      | Found a shimmering altar of Xom.
  4112 | D:5      | Found a shimmering altar of Xom.
  4112 | D:5      | Found a shimmering altar of Xom.
  4112 | D:5      | Found a shimmering altar of Xom.
  4114 | D:5      | Found a shimmering altar of Xom.
  4283 | D:5      | Reached skill level 9 in Unarmed Combat
  4688 | D:5      | Found Veytt's Distillery.
  4701 | D:5      | Bought a potion of heal wounds for 55 gold pieces
  4701 | D:5      | Bought a potion of curing for 33 gold pieces
  4701 | D:5      | Bought a potion of lignification for 33 gold pieces
  4934 | D:5      | Reached skill level 1 in Slings
  4961 | D:5      | Got a vibrating sapphire amulet
  4972 | D:5      | Identified the amulet "Qogayde" {Inacc rElec rPois Str-5}
                  | (You found it on level 5 of the Dungeon)
  5369 | D:6      | Reached XP level 8. HP: 55/67 MP: 8/8
  5684 | D:6      | Found a staircase to the Ecumenical Temple.
  5913 | D:6      | Reached skill level 10 in Unarmed Combat
  6491 | D:7      | Reached skill level 1 in Shields
  6758 | D:7      | Found a bloodstained altar of Trog.
  6758 | D:7      | Found a faded altar of an unknown god.
  6766 | D:7      | Found a sacrificial altar of Ru.
  6768 | D:7      | Found a sparkling altar of Nemelex Xobeh.
  6771 | D:7      | Found a stormy altar of Qazlal.
  6907 | D:7      | Reached XP level 9. HP: 72/73 MP: 9/9
  7410 | D:8      | HP: 3/73 [killer bee (4)]
  7411 | D:8      | Slain by a killer bee

Illustrated notes

Levels and vault maps discovered:
D:1:      lemuel_arrival_behind_the_door_large, layout_basic,
          minmay_split_cup_small
D:2:      layout_loops_cross, nrook_mini_vaults, uniq_robin
D:3:      layout_basic, gammafunk_temple_overflow_elements
D:4:      layout_cave_pools, yredelemnul_altar_generic, uniq_eustachio
D:5:      lemuel_upstairs_altar, layout_cave_pods, serial_shops, shop,
          chequers_big_river, nicolae_xom_altar_mimics
D:6:      layout_basic, minmay_temple_entry_gardened_gates
D:7:      layout_rooms, chequers_temple_overflow_minitemple
D:8:      layout_basic, serial_glass, glass_columns_c, glass_columns_b,
          due_unseen_surprise

Skill      XL: |  1  2  3  4  5  6  7  8 |
---------------+-------------------------+-----
Unarmed Combat | 4 5 6 7 9 10 | 10.6
Armour         | 1 3 |  3.0
Slings         | 2 3 |  3.1
Shields        | 1 |  1.1
Fighting       | |  3.0
Dodging        | |  2.4
Stealth        | |  1.2

Action                   |  1- 3 |  4- 6 |  7- 9 || total
-------------------------+-------+-------+-------++-------
Melee: Unarmed           |    83 |   242 |   215 ||   540
       Tailslap          |     5 |    37 |    30 ||    72
       Punch             |     1 |     1 |       ||     2
 Fire: Hunting sling     |       |    14 |    82 ||    96
Throw: Stone             |    25 |     1 |       ||    26
       Dart              |     1 |     4 |     7 ||    12
       Javelin           |       |       |    13 ||    13
 Abil: Rolling Charge    |    28 |    50 |    50 ||   128
Armor: Robe              |    28 |    12 |       ||    40
       Scale mail        |       |   124 |    92 ||   216
Dodge: Dodged            |    46 |   118 |    73 ||   237
Block: Buckler           |       |    36 |    38 ||    74

Table legend: (Time is in decaauts)
 A = Elapsed time spent in this place.
 B = Non-inter-level travel time spent in this place.
 C = Inter-level travel time spent in this place.
 D = Time resting spent in this place.
 E = Time spent auto-exploring this place.
 F = Levels seen in this place.
 G = Mean time per level.
                   A        B        C        D        E       F      G
               +--------+--------+--------+--------+--------+-----+--------+
         Total |   7347 |   7106 |    241 |    341 |   5604 |   8 |  918.4 |
       Dungeon |   7347 |   7106 |    241 |    341 |   5604 |   8 |  918.4 |
               +--------+--------+--------+--------+--------+-----+--------+

Top non-repeatable levels by time:
     D:5: 1214 daAuts
     D:3: 1191 daAuts
     D:6: 1109 daAuts
     D:4: 1099 daAuts
     D:2: 956 daAuts
     D:7: 929 daAuts
     D:1: 749 daAuts
     D:8: 97 daAuts
